AoeStats
← E-d-d-i-e91G

Pilgrims

509581375Analyzed
2v2 RM · 6d ago on Sep 27, 2026· 82m 49s· 4 players
Game mode
Random Map
Map size
Medium (4 player)
Population
200
Speed
Normal
Resources
Standard
Victory
Conquest
Starting age
Dark Age
Ending age
Imperial Age
RankedLock teamsTeams togetherTeam positionsShared explorationLock speedFull tech treeHidden civsTurbo modeCheats
Victory
Defeat
🇺🇸 Armenians · United States
599
+11
🇲🇽 Sicilians · Mexico
400
+19
🇦🇺 Goths · Australia
484
-15
🇦🇺 Wu · Australia
466
-15
E-d-d-i-e91G
10:59 Feudal Age
12:12 Fishing Lines
30:19 Fletching
32:41 Double-Bit Axe
34:50 Bloodlines
36:14 Wheelbarrow
36:07 Gold Mining
38:55 Castle Age
37:56 Padded Archer Armor
38:07 Scale Barding Armor
37:49 Horse Collar
38:21 Town Watch
40:36 Stone Mining
41:25 Gold Shaft Mining
41:10 Bow Saw
41:12 Heavy Plow
41:25 Gillnets
54:39 Hand Cart
58:32 Elite Skirmisher
IAMASTROMAN9714
12:42 Feudal Age
15:15 Wheelbarrow
15:50 Double-Bit Axe
21:19 Gold Mining
21:12 Horse Collar
31:51 Fishing Lines
34:42 Castle Age
32:24 Man-at-Arms
34:54 Forging
34:45 Scale Mail Armor
36:48 Gillnets
37:10 Medium Warships
37:45 Husbandry
41:55 Long Swordsman
42:55 Chain Mail Armor
43:16 Iron Casting
42:47 Scale Barding Armor
48:53 Bloodlines
49:29 Ballistics
49:01 Heated Shot
49:23 Clinker Construction
55:15 Elite Skirmisher
58:42 Elite Skirmisher
63:45 Siphons
64:04 Careening
67:11 Treadmill Crane
67:55 Bow Saw
68:10 Chain Barding Armor
68:09 Crossbowman
EMCX6968
4:57 Loom
13:49 Feudal Age
14:42 Fishing Lines
16:56 Double-Bit Axe
16:54 Horse Collar
17:09 Gold Mining
18:14 Stone Mining
23:58 Fletching
24:10 Padded Archer Armor
26:37 Castle Age
28:22 Bodkin Arrow
28:43 Leather Archer Armor
28:42 Medium Warships
28:03 Elite Skirmisher
29:10 Bow Saw
29:35 Gold Shaft Mining
30:18 Ballistics
30:04 Siphons
31:24 Clinker Construction
33:09 Gillnets
37:02 Wheelbarrow
40:23 Imperial Age
39:45 Heated Shot
40:10 Careening
42:17 Chemistry
41:21 Bracer
41:52 Ring Archer Armor
43:54 Elite Composite Bowman
45:11 Hoardings
45:47 Conscription
70:09 Carvel Hull
70:01 Incendiaries
70:04 Masonry
69:36 Treadmill Crane
70:18 Dry Dock
69:56 Murder Holes
70:28 Dry Dock
69:50 Treadmill Crane
70:07 Murder Holes
71:46 Heavy Warships
70:58 Spies/Treason
eduardolucifer30
5:59 Loom
11:26 Feudal Age
16:47 Wheelbarrow
16:50 Double-Bit Axe
26:07 Horse Collar
31:01 Scale Mail Armor
31:12 Forging
33:00 Bloodlines
33:22 Gold Mining
35:06 Padded Archer Armor
34:56 Fletching
37:59 Castle Age
36:12 Scale Barding Armor
38:53 Fishing Lines
39:59 Hand Cart
39:56 Light Cavalry
40:37 Husbandry
42:08 First Crusade
43:46 Caravan
44:22 Coinage
46:21 Stone Mining
47:07 Gold Shaft Mining
47:07 Chain Mail Armor
47:28 Iron Casting
46:49 Bodkin Arrow
47:20 Heavy Plow
47:26 Crossbowman
53:08 Imperial Age
53:10 Elite Serjeant
54:25 Hoardings
53:35 Cranequins
56:56 Cavalier
60:00 Ballistics
60:49 Crop Rotation
63:43 Banking
63:53 Plate Mail Armor
69:33 Leather Archer Armor
70:19 Blast Furnace
69:20 Bracer
69:40 Chain Barding Armor
69:45 Siphons
69:54 Clinker Construction
69:58 Careening
70:13 Shipwright
69:41 Arrowslits
69:29 Demolition Ship
70:20 Medium Warships
70:05 Town Watch
70:20 Murder Holes
70:42 Heavy Demolition Ship
71:49 Heavy Warships
71:46 Hauberk
73:23 Dry Dock
73:49 Heavy Warships
74:43 Guilds
74:30 Heated Shot
74:51 Masonry
75:43 Chemistry
75:04 Siege Engineers
75:20 Carvel Hull
74:24 Pikeman
75:43 Plate Barding Armor
75:39 Conscription
76:38 Arbalester
76:56 Sappers
79:53 Spies/Treason
Connection lost

Rejoining the realm…

Still unreachable

The connection could not be restored.

Session expired

The server has moved on; the page needs a fresh start.